 Dungeon Crawl Stone Soup version 0.19.0-22-gd96e5fe (console) character file.

170 nht the Bolt Thrower (level 5, -6/42 HPs)
             Began as a Minotaur Hunter on Nov 18, 2016.
             Killed by divine providence
             ... invoked by an orc priest
              (12 damage)
             ... on level 3 of the Dungeon.
             The game lasted 00:04:01 (1931 turns).

nht the Bolt Thrower (Minotaur Hunter)              Turns: 1931, Time: 00:04:02

Health: -6/42      AC:  4    Str: 18    XL:     5   Next: 26%
Magic:  4/4        EV: 12    Int:  8    God:
Gold:   123        SH:  0    Dex: 10    Spells: 0 memorised, 4 levels left

rFire  . . .     SeeInvis .     a - +2 hand crossbow
rCold  . . .     Gourm    .     c - +0 leather armour
rNeg   . . .     Faith    .     (no shield)
rPois  .         Spirit   .     (helmet restricted)
rElec  .         Reflect  .     p - +0 cloak
rCorr  .         Harm     .     (no gloves)
MR     .....                    (no boots)
Stlth  +.........               (no amulet)
                                (no ring)
                                e - ring of flight

@: no status effects
A: retaliatory headbutt, horns 2
a: Evoke Flight


You were on level 3 of the Dungeon.
You were not hungry.

You visited 1 branch of the dungeon, and saw 3 of its levels.

You collected 123 gold pieces.

Inventory:

Hand Weapons
 a - a +2 hand crossbow (weapon)
 b - a +0 short sword
 l - a +0 war axe
 v - a +0 trident
 w - a +0 spear of piercing
Missiles
 d - 9 bolts (quivered)
Armour
 c - a +0 leather armour (worn)
 p - a +0 cloak (worn)
Jewellery
 e - a ring of flight (left hand)
 q - an uncursed ring of ice
 r - an uncursed ring of fire
Wands
 u - a wand of confusion (16/48)
Scrolls
 i - a scroll of amnesia
 o - a scroll of remove curse
 t - a scroll of magic mapping {unknown}
Potions
 h - 2 potions of agility {unknown}
 m - a potion of haste {unknown}
 s - 3 potions of heal wounds {unknown}
 x - a potion of brilliance {unknown}
Comestibles
 f - 3 bread rations
 g - 2 beef jerkies
 j - 2 meat rations
 n - 9 chunks of flesh


   Skills:
 - Level 2.4 Fighting
 + Level 7.2 Crossbows
 - Level 2.1 Dodging
 - Level 0.7 Stealth


You had 4 spell levels left.
You didn't know any spells.

Dungeon Overview and Level Annotations

Branches:
Dungeon (3/15)

Altars:
Xom

Annotations:
D:3 Jessica


Innate Abilities, Weirdness & Mutations

You reflexively headbutt those who attack you in melee.
You have a pair of horns on your head.


Message History

As you read the scroll labeled YRCHAU NUWISI, it crumbles to dust.
You feel as if something is helping you.
It was a scroll of remove curse.
The orc priest looks braver for a moment.
The orc barely misses you.
As you read the scroll labeled SIT EPIGUSYE, it crumbles to dust.
It is a scroll of amnesia.
You feel forgetful for a moment. The orc closely misses you.
You furiously retaliate!
You headbutt the orc.
The orc priest calls down the wrath of Beogh upon you.
Beogh smites you!
* * * LOW HITPOINT WARNING * * *
As you read the scroll labeled IHOIR SI KAEP, it crumbles to dust.
It is a scroll of enchant weapon.
Your +1 hand crossbow glows red for a moment.
The orc hits you with a whip.
* * * LOW HITPOINT WARNING * * *
The orc priest calls down the wrath of Beogh upon you.
Beogh smites you!
You die... █.██.███████████.█.███ █.█...........██..... █.█..████████.██.█.█ █....█ █.█....█ ███.██ █......█ █.█ ███...██ █.█ ██.██ █.█ █.█ ..█ █.█ █@█ ..█ █.█ █o█ ..█ █.█ .oo

█.█ █.████ ....o ███ █.█
█.██.██ ....o.. ██.███.█
█>..(.████.........████...██.██
██.......+.........+...........
█....████.........████...██.██
█.█.██ ██.█.....


You could see 2 orc priests and 3 orcs.

Vanquished Creatures
  Ijyb (D:2)
  Robin (D:2)
  3 gnolls (D:3)
  An adder (D:2)
  2 oozes
  2 worms
  A leopard gecko (D:3)
  5 orcs (D:3)
  8 bats
  4 giant cockroaches
  16 goblins
  12 hobgoblins
  3 jackals (D:2)
  3 frilled lizards
  7 kobolds
  3 rats (D:3)
72 creatures vanquished.

Notes
Turn   | Place    | Note
-------+----------+-------------------------------------------
     0 | D:1      | nht the Minotaur Hunter began the quest for the Orb.
     0 | D:1      | Reached XP level 1. HP: 18/18 MP: 0/0
   151 | D:1      | Reached skill level 5 in Crossbows
   151 | D:1      | Reached XP level 2. HP: 25/25 MP: 1/1
   854 | D:2      | Reached XP level 3. HP: 30/30 MP: 2/2
   956 | D:2      | Noticed Robin
  1037 | D:2      | Killed Robin
  1037 | D:2      | Reached skill level 6 in Crossbows
  1145 | D:2      | Reached XP level 4. HP: 37/37 MP: 3/3
  1399 | D:2      | Noticed Ijyb
  1410 | D:2      | Killed Ijyb
  1651 | D:3      | Noticed Jessica
  1667 | D:3      | Reached skill level 7 in Crossbows
  1667 | D:3      | Reached XP level 5. HP: 41/42 MP: 4/4
  1717 | D:3      | Found a shimmering altar of Xom.
  1931 | D:3      | Killed from afar by an orc priest

Skill      XL: |  1  2  3  4 |
---------------+-------------+-----
Crossbows      | 5 6 7 |  7.2
Fighting       | |  2.4
Dodging        | |  2.1
Stealth        | |  0.7

Action                   |  1- 3 |  4- 6 || total
-------------------------+-------+-------++-------
 Fire: Hand crossbow     |    71 |    79 ||   150
  Use: Scroll            |       |     3 ||     3
  Eat: Chunk             |     1 |     2 ||     3
Armor: Leather armour    |     7 |     3 ||    10
Dodge: Dodged            |    18 |    26 ||    44
